 Dungeon Crawl Stone Soup version 0.31-a0-977-gc230f8ef24 (webtiles) character file.

Game seed: 230357937313848886

95 timneilson the Ruffian (level 4, -2/29 HPs)
             Began as an Octopode Shapeshifter on Oct 29, 2023.
             Killed from afar by an orc wizard (8 damage)
             ... with a puff of flame
             ... on level 3 of the Dungeon.
             The game lasted 00:03:37 (1617 turns).

timneilson the Ruffian (Octopode Shapeshifter)      Turns: 1617, Time: 00:03:38

Health: -2/29      AC:  1    Str: 15    XL:     4   Next: 66%
Magic:  5/5        EV: 13    Int: 12    God:
Gold:   169        SH:  0    Dex: 11    Spells: 4/4 levels left

rFire   . .          .
                       - Unarmed
rCold   . . .        (no shield)
rNeg    . . .        (helmet currently unavailable)
rPois   .            (no amulet)
rElec   .            (no ring)
rCorr   .            (no ring)
SInv    .            (no ring)
Will    .....        (no ring)
Stlth   +++          (no ring)
HPRegen 0.24/turn    (no ring)
MPRegen 0.09/turn    (no ring)
                     (no ring)

%: no passive effects
@: beast-form
A: beast (slay +1), almost no armour, amphibious, 8 rings, camouflage 1,
gelatinous body 1, (nimble swimmer 1), tentacles
a: Begin Untransformation


You were on level 3 of the Dungeon.
You were a hulking beast.
You visited 1 branch of the dungeon, and saw 3 of its levels.

You collected 169 gold pieces.

Inventory:

Hand Weapons
 d - a +0 dagger
Talismans
 b - a beast talisman
 c - a flux talisman
 f - a serpent talisman
Scrolls
 e - a scroll of teleportation {unknown}
Potions
 a - a potion of lignification
 h - 2 potions of resistance


   Skills:
 * Level 1.9 Fighting
 * Level 2.7 Dodging
 + Level 1.5 Stealth
 * Level 3.5 Unarmed Combat
 + Level 0.9 Spellcasting
 * Level 3.4 Shapeshifting


You had 4 spell levels left.
You didn't know any spells.
Your spell library was empty.

Dungeon Overview and Level Annotations

Branches:
Dungeon (3/15)

Altars:


Innate Abilities, Weirdness & Mutations

You are a hulking beast.
Your limbs bulge with bestial killing power. (Slay +1)
You cannot wear most types of armour.
You are amphibious.
You can wear up to eight rings at the same time.
Your skin changes colour to match your surroundings (Stealth+).
Your rubbery body absorbs attacks. (AC +1, EV +1)
((You are camouflaged when in or above water. (Stealth+)))
You have tentacles for arms and can constrict up to eight enemies at once.


Message History

HP restored.
e - a scroll labelled LIRUAGRO FOETZ The orc shouts!
You tentacle-slap the orc. You grab the orc.
The orc is almost dead.
You constrict the orc.
You kill the orc!
You see here a +0 hand axe.
A kobold comes into view.
It is wielding a +0 whip. 2 orcs and an orc wizard come into view.
The orc shouts!
The orc wizard shouts!
The orc wizard gestures wildly while chanting.
The orc wizard flickers and vanishes!
Deactivating autopickup; reactivate with Ctrl-A.
You closely miss the kobold. You grab the kobold. You constrict the kobold.
The kobold hits you with a +0 whip.
You bludgeon the kobold!
You kill the kobold!
Something completely misses you. The orc closely misses you.
Things that are here:
a +0 whip; a kobold corpse You barely miss the orc.
The orc wizard shouts!
Your grab misses the orc. The orc misses you. Something hits you.
You tentacle-slap the orc. Your grab misses the orc. You squeeze the orc.
The orc is almost dead.
Something hits you. The orc misses you.
You bludgeon the orc!
You kill the orc!
Something hits you. The orc barely misses you. The kobold barely misses you.
The orc hits you with a +0 hand axe. Something hits you.
The kobold attacks as it pursues you! The kobold hits you with a +0 dagger.
Something hits you.
* * * LOW HITPOINT WARNING * * *
The orc barely misses you. Something hits you.
* * * LOW HITPOINT WARNING * * *
The orc wizard gestures at you while chanting.
The puff of flame hits you!
You die...

#.#####..............###........#
.....................###..#...#..
.....#.......>....#..##...#......
.....#..........†....#........##.
.....#....##.#####..........#####
..>..#....##.# #.)......### #
...#.#.)..##.#####†....####
................<......#######
.#..............h............####
)#............[o.................
.#.............oK............####
.....................).......#
..............)w.####.########
...............#...##..#
...............###.....#
............... #######
...............


You could see a worm, an orc wizard, an orc and a kobold.

Vanquished Creatures
  Terence (D:3)
  A worm (D:2)
  A dart slug (D:3)
  2 orcs (D:3)
  3 ball pythons
  6 endoplasms
  4 giant cockroaches
  6 goblins
  3 hobgoblins
  3 jackals
  A quokka (D:1)
  10 bats
  4 frilled lizards (D:1)
  8 kobolds
  4 rats
57 creatures vanquished.

Notes
Turn   | Place    | Note
-------+----------+-------------------------------------------
     0 | D:1      | timneilson the Octopode Shapeshifter began the quest for
                  | the Orb.
     0 | D:1      | Reached XP level 1. HP: 13/13 MP: 1/1
    86 | D:1      | Reached XP level 2. HP: 18/18 MP: 2/2
   413 | D:1      | Reached skill level 1 in Stealth
   451 | D:1      | Reached XP level 3. HP: 23/23 MP: 3/3
   464 | D:1      | Found a faded altar of an unknown god.
   913 | D:2      | You fall into a shaft and drop 1 floor!
  1407 | D:3      | Reached XP level 4. HP: 29/29 MP: 4/4
  1465 | D:3      | Noticed Terence
  1473 | D:3      | Killed Terence
  1617 | D:3      | Killed from afar by an orc wizard

Illustrated notes

Levels and vault maps discovered:
D:1:      dpeg_arrival_pond, layout_basic, shapermc_ecumenical_altar_acropolis
D:2:      layout_rooms, chequers_serial_rivers_marsh, item_on_display_a
D:3:      layout_rooms, uniq_terence

Skill      XL: |  1  2 |
---------------+-------+-----
Stealth        | 1 |  1.5
Fighting       | |  1.9
Dodging        | |  2.7
Unarmed Combat | |  3.5
Spellcasting   | |  0.9
Shapeshifting  | |  3.4

Action                     |  1- 3 |  4- 6 || total
---------------------------+-------+-------++-------
  Melee: Unarmed           |    80 |    18 ||    98
         Constrict         |    21 |     5 ||    26
         Tentacles         |    15 |     4 ||    19
         Punch             |     4 |       ||     4
    Use: Scroll            |     5 |       ||     5
   Stab: Sleeping          |     5 |     1 ||     6
 Armour: Skin              |    34 |    13 ||    47
  Dodge: Dodged            |    50 |    13 ||    63

Table legend: (Time is in decaauts)
 A = Elapsed time spent in this place.
 B = Non-inter-level travel time spent in this place.
 C = Inter-level travel time spent in this place.
 D = Time resting spent in this place.
 E = Time spent auto-exploring this place.
 F = Levels seen in this place.
 G = Mean time per level.
                   A        B        C        D        E       F      G
               +--------+--------+--------+--------+--------+-----+--------+
         Total |   1611 |   1577 |     34 |     45 |   1081 |   3 |  537.0 |
       Dungeon |   1611 |   1577 |     34 |     45 |   1081 |   3 |  537.0 |
               +--------+--------+--------+--------+--------+-----+--------+

Top non-repeatable levels by time:
     D:1: 793 daAuts
     D:2: 557 daAuts
     D:3: 261 daAuts
